 Dungeon Crawl Stone Soup version 0.28.0 (webtiles) character file.

Game seed: 3998800671940081527

1272 murtidash the Cleaver (level 8, -4/58 HPs)
             Began as a Formicid Abyssal Knight on Feb 5, 2022.
             Was a Priest of Lugonu.
             Killed from afar by a steam dragon (25 damage)
             ... with a ball of steam
             ... on level 6 of the Dungeon.
             The game lasted 00:10:52 (7076 turns).

murtidash the Cleaver (Formicid Abyssal Knight)     Turns: 7076, Time: 00:10:53

Health: -4/58      AC:  8    Str: 21    XL:     8   Next: 83%
Magic:  13/13      EV: 10    Int:  9    God:    Lugonu [***...]
Gold:   102        SH:  0    Dex: 11    Spells: 7/7 levels left

rFire   x . .      SeeInvis +   a - +1 hand axe
rCold   + + .      Faith    +   (no shield)
rNeg    . . .      Spirit   .   v - +1 ring mail {rC+}
rPois   .          Reflect  .   (helmet unavailable)
rElec   .          Harm     .   p - +0 cloak
rCorr   .          Rampage  .   u - +0 pair of gloves
Will    .....      Clarity  +   (no boots)
Stlth   +.........              f - amulet of faith {Faith, !P}
HPRegen 0.19/turn               t - +4 ring of slaying
MPRegen 0.13/turn               o - ring of ice {rC+, rF-}

@: no status effects
A: permanent stasis, dig shafts and tunnels, antennae 3, four strong arms,
clarity, MP-powered wands
a: Dig, Shaft Self, Renounce Religion, Depart the Abyss, Bend Space, Banish


You were on level 6 of the Dungeon.
You worshipped Lugonu.
Lugonu was most pleased with you.
You visited 1 branch of the dungeon, and saw 6 of its levels.
You visited the Abyss 1 time.

You collected 201 gold pieces.
You spent 99 gold pieces at shops.

Inventory:

Hand Weapons
 a - a +1 hand axe (weapon)
 b - a +2 morningstar of holy wrath
   (You found it on level 4 of the Dungeon)
Missiles
 k - 3 boomerangs of dispersal {=f}
Armour
 p - a +0 cloak (worn)
   (You found it on level 4 of the Dungeon)
 u - a +0 pair of gloves (worn)
   (You found it on level 5 of the Dungeon)
 v - a +1 ring mail of cold resistance (worn)
   (You took it off an orc on level 5 of the Dungeon)
Jewellery
 f - an amulet of faith (around neck) {Faith, !P}
   (You found it on level 1 of the Dungeon)
 o - a ring of ice (right hand) {rC+, rF-}
   (You found it on level 4 of the Dungeon)
 t - a +4 ring of slaying (left hand)
   (You found it on level 4 of the Dungeon)
Scrolls
 c - a scroll of amnesia {unknown}
 d - a scroll of fear {unknown}
 e - 7 scrolls of identify {unknown}
 g - a scroll of silence {unknown}
 h - 3 scrolls of enchant armour {unknown}
 i - a scroll of fog {unknown}
 l - a scroll of holy word {unknown}
 m - a scroll of teleportation {unknown}
Potions
 n - a potion of brilliance
 s - a potion of mutation {!q}


   Skills:
 - Level 3.2 Fighting
 * Level 8.5 Axes
 - Level 2.1 Armour
 - Level 0.8 Dodging
 + Level 7.2 Invocations


You had 7 spell levels left.
You didn't know any spells.
Your spell library contained the following spells:

 Spells                   Type           Power      Damage    Failure   Level
 Conjure Flame            Conj/Fire      0%         6-21      89%         3
 Ignite Poison            Fire/Tmut/Pois 0%         N/A       89%         3
 Sticky Flame             Conj/Fire      0%         2d3       100%        4


Dungeon Overview and Level Annotations

Branches:
Dungeon (6/15)             Temple (0/1) D:5

Altars:
Gozag

Shops:
D:2 *   D:3 (   D:5 *

Annotations:
D:4 3 runed translucent doors, SnakkuSnakku7's ghost, amateur TeEn
Abyss:1 Crazy Yiuf


Innate Abilities, Weirdness & Mutations

You cannot be hasted, slowed, berserked, paralysed or teleported.
You can dig through walls and to a lower floor.
You have a pair of large antennae on your head. (SInv)
Your four strong arms can wield two-handed weapons with a shield.
You possess an exceptional clarity of mind.
You expend magic power (3 MP) to strengthen your wands.


Message History

You feel less resistant to cold.
Your roots penetrate the ground.
The orc hits you but does no damage.
You now have 6/84 hp.
You barely miss the orc. The orc hits you but does no damage.
You hit the orc. You hit the orc. The orc hits you but does no damage.
You barely miss the orc. The orc hits you but does no damage.
You hit the orc.
You kill the orc!
Lugonu accepts your kill.
Your transformation is almost over.
You feel less wooden.
Your +0 cloak unmelds from your body.
Your +0 pair of gloves unmelds from your body.
Your +1 ring mail of cold resistance unmelds from your body.
You feel resistant to cold.
You sense a monster nearby.
You now have 11/56 hp.
Items here: ( )) [ ÷.
Health restored: 56
Okay, then.
Okay, then.
A centaur skeleton comes into view.
You slash the centaur skeleton! The centaur skeleton hits you.
The centaur skeleton kicks you but does no damage.
The centaur skeleton hits you but does no damage.
The centaur skeleton kicks you but does no damage.
You take 2 damage, and have 54/56 hp.
You hit the centaur skeleton.
The centaur skeleton hits you but does no damage.
The centaur skeleton barely misses you.
You completely miss the centaur skeleton.
The centaur skeleton hits you but does no damage.
The centaur skeleton misses you.
You slash the centaur skeleton!
The centaur skeleton hits you but does no damage.
The centaur skeleton barely misses you.
You hit the centaur skeleton.
You destroy the centaur skeleton!
Lugonu accepts your kill.
No target in view!
No target in view!
No target in view!
No target in view!
No target in view!
You open the door.
There is an open door here.
e - 7 scrolls labelled KIPHOQ YVVAO (gained 1)
You open the door.
There is an open door here.
Found a stone staircase leading up.
Health restored: 57
There is a stone staircase leading up here.
You now have 102 gold pieces (gained 18).
A jelly comes into view.
The jelly quivers.
The jelly closely misses you.
You hit the jelly but do no damage. The acid corrodes you!
Your hands burn!
The jelly hits you but does no damage.
You take 1 damage, and have 56/57 hp.
You slash the jelly!
Your hands burn!
The jelly barely misses you.
You take 2 damage, and have 54/57 hp.
You slash the jelly!
You kill the jelly!
Lugonu accepts your kill.
Your life force feels restored.
No target in view!
No target in view!
No target in view!
No target in view!
No target in view!
You are no longer corroded.
You sense a monster nearby.
Health restored: 58 An orc comes into view.
It is wielding a +0 mace.
The orc shouts!
A steam dragon comes into view.
The steam dragon hisses angrily.
You slash the orc!
You kill the orc!
Lugonu accepts your kill.
You hit the steam dragon but do no damage.
You hit the steam dragon but do no damage.
The steam dragon breathes steam at you. The ball of steam hits you!!
The steam scalds you terribly!
Ouch! That really hurt!
You take 34 damage, and have 24/58 hp.
MASSIVE DAMAGE!!
You are too injured to fight recklessly!
You are too injured to fight recklessly!
You are too injured to fight recklessly!
You are too injured to fight recklessly!
You are too injured to fight recklessly!
You are too injured to fight recklessly!
You are too injured to fight recklessly!
The steam dragon bites you. The steam dragon claws you.
You take 4 damage, and have 20/58 hp.
You closely miss the steam dragon. Your punch misses the steam dragon.
The steam dragon breathes steam at you. The ball of steam hits you!!
The steam scalds you terribly!
You die...

#. #. #. #. . #. ...
#.####....
######.§§......
.....§§§D# {
#########@#
#.........#
#......####.#
..(.##.......#
######### ##
#..###########........
#............#....####
##.#########.####.#.<.
#.....# #.# #.#.##
######## #.####.#.#.


You could see a steam dragon (catching breath).

Vanquished Creatures
  2 water moccasins
  An ice beast (D:5)
  2 scorpions
  2 gnoll shamans
  A centaur zombie (D:6)
  2 bullfrog skeletons
  A jelly (D:6)
  2 orc priests
  A centaur skeleton (D:6)
  Terence (D:2)
  An iguana (D:5)
  3 orc wizards
  5 gnolls
  5 adders
  An ufetubus (D:5)
  An adder zombie (D:5)
  4 dart slugs
  16 orcs
  10 bats
  4 endoplasms
  4 giant cockroaches
  5 hobgoblins
  A quokka (D:3)
  5 ball pythons
  2 frilled lizards
  3 goblins
  7 kobolds
  5 rats
97 creatures vanquished.

Notes
Turn   | Place    | Note
-------+----------+-------------------------------------------
     0 | Abyss:1  | murtidash the Formicid Abyssal Knight began the quest for
                  | the Orb.
     0 | Abyss:1  | Reached XP level 1. HP: 18/18 MP: 2/2
     7 | D:1      | Escaped the Abyss
   167 | D:1      | Found a faded altar of an unknown god.
   182 | D:1      | Reached XP level 2. HP: 18/24 MP: 3/3
   621 | D:1      | Reached XP level 3. HP: 29/29 MP: 5/5
   682 | D:1      | Reached skill level 3 in Axes
   848 | D:1      | Reached ** piety under Lugonu
  1158 | D:2      | Reached skill level 3 in Invocations
  1442 | D:2      | HP: 5/29 [poisoned by an adder]
  1443 | D:2      | Reached XP level 4. HP: 6/35 MP: 6/6
  1643 | D:2      | Noticed Terence
  1664 | D:2      | Killed Terence
  2099 | D:2      | Reached skill level 4 in Axes
  2099 | D:2      | Reached XP level 5. HP: 37/41 MP: 7/7
  2114 | D:2      | Reached skill level 4 in Invocations
  2340 | D:2      | Found Azituoprarph's Assorted Antiques.
  2651 | D:3      | Found Fedd's Weapon Emporium.
  2659 | D:3      | Bought 4 boomerangs of dispersal for 66 gold pieces
  3012 | D:3      | Reached *** piety under Lugonu
  3318 | D:4      | Found an opulent altar of Gozag.
  3320 | D:4      | Found a runed translucent gate.
  3327 | D:4      | Found a runed translucent gate.
  3328 | D:4      | Found a runed translucent gate.
  3330 | D:4      | Noticed a wyvern
  3330 | D:4      | Noticed SnakkuSnakku7's ghost (amateur TeEn)
  3330 | D:4      | Noticed a centaur
  3531 | D:4      | Reached skill level 5 in Axes
  3531 | D:4      | Reached XP level 6. HP: 26/47 MP: 9/9
  3731 | D:4      | HP: 8/47 [poisoned by a scorpion]
  3736 | D:4      | HP: 3/47 [poisoned by a scorpion]
  4056 | D:4      | Found a runed translucent door.
  4057 | D:4      | Noticed Crazy Yiuf
  4061 | D:4      | Banished Crazy Yiuf
  4327 | D:5      | Entered Level 5 of the Dungeon
  4327 | D:5      | Noticed an ice beast
  4327 | D:5      | Found Tyinnoqo's General Store.
  4385 | D:5      | Killed an ice beast
  4386 | D:5      | Reached skill level 5 in Invocations
  4386 | D:5      | Reached XP level 7. HP: 39/52 MP: 10/10
  4473 | D:5      | Bought a potion of curing for 33 gold pieces
  4490 | D:5      | Found a staircase to the Ecumenical Temple.
  4495 | D:5      | Noticed a water moccasin
  4525 | D:4      | HP: 9/52 [gnoll (4)]
  4528 | D:4      | Reached skill level 6 in Axes
  4528 | D:4      | HP: 3/52 [gnoll (2)]
  4832 | D:5      | Killed a water moccasin
  5932 | D:6      | Reached skill level 7 in Axes
  5932 | D:6      | Reached skill level 6 in Invocations
  5932 | D:6      | Reached XP level 8. HP: 58/58 MP: 12/12
  5970 | D:6      | Gained mutation: You possess an exceptional clarity of
                  | mind. [potion of mutation]
  5970 | D:6      | Gained mutation: You expend magic power (3 MP) to
                  | strengthen your wands. [potion of mutation]
  6459 | D:6      | Reached skill level 8 in Axes
  6606 | D:6      | HP: 4/52 [orc warrior (10)]
  6608 | D:6      | Reached skill level 7 in Invocations
  7076 | D:6      | Killed from afar by a steam dragon

Illustrated notes

Levels and vault maps discovered:
D:1:      dpeg_arrival_rooms_c, layout_basic,
          shapermc_ecumenical_altar_starsandcircs
D:2:      cheibrodos_pilgrimage, layout_basic, serial_shops, shop,
          minmay_misc_feat_square, uniq_terence
D:3:      layout_basic, serial_shops, nicolae_diamond_shop
D:4:      layout_rooms, ebering_ghost_gozag, uniq_crazy_yiuf_cottage
D:5:      layout_gridville, minmay_temple_entry_sparse_star, serial_shops,
          shop_fountains, hangedman_decor_riveting
D:6:      layout_basic

Skill      XL: |  1  2  3  4  5  6  7  8 |
---------------+-------------------------+-----
Axes           | 3 4 5 7 8 |  8.5
Invocations    | 3 4 5 6 7 |  7.2
Fighting       | |  3.2
Armour         | |  2.1
Dodging        | |  0.8

Action                   |  1- 3 |  4- 6 |  7- 9 || total
-------------------------+-------+-------+-------++-------
Melee: Hand axe          |    96 |   115 |   167 ||   378
       Morningstar       |       |    12 |     4 ||    16
       Punch             |       |     1 |     4 ||     5
Throw: Boomerang         |       |       |     1 ||     1
Invok: Banish            |       |     2 |     4 ||     6
       Bend Space        |       |       |     1 ||     1
 Abil: Dig               |       |       |     1 ||     1
  Use: Potion            |     1 |     3 |     5 ||     9
Armor: Leather armour    |    32 |     2 |       ||    34
       Scale mail        |       |    58 |    29 ||    87
       Ring mail         |       |       |    44 ||    44
       Skin              |       |       |     4 ||     4
Dodge: Dodged            |    68 |    68 |    90 ||   226

Table legend: (Time is in decaauts)
 A = Elapsed time spent in this place.
 B = Non-inter-level travel time spent in this place.
 C = Inter-level travel time spent in this place.
 D = Time resting spent in this place.
 E = Time spent auto-exploring this place.
 F = Levels seen in this place.
 G = Mean time per level.
                   A        B        C        D        E       F      G
               +--------+--------+--------+--------+--------+-----+--------+
         Total |   7100 |   6826 |    274 |    676 |   5159 |   7 | 1014.3 |
       Dungeon |   7093 |   6819 |    274 |    676 |   5157 |   6 | 1182.2 |
         Abyss |      7 |      7 |      0 |      0 |      2 |   1 |    7.0 |
               +--------+--------+--------+--------+--------+-----+--------+

Top non-repeatable levels by time:
     D:4: 1465 daAuts
     D:5: 1448 daAuts
     D:2: 1426 daAuts
     D:1: 1150 daAuts
     D:6: 849 daAuts
     D:3: 754 daAuts
 Abyss:1: 7 daAuts

Table legend:
 A = Kills in this place as a percentage of kills in entire the game.
 B = Kills by you in this place as a percentage of kills by you in the entire game.
 C = Kills by friends in this place as a percentage of kills by friends in the entire game.
 D = Other kills in this place as a percentage of other kills in the entire game.
 E = Experience gained in this place as a percentage of experience gained in the entire game.
 F = Experience gained in this place divided by the number of levels of this place that you have seen.
                   A       B       C       D       E      F
               +-------+-------+-------+-------+-------+----------------------
         Total | 100.0 | 100.0 |   N/A | 100.0 | 100.0 | 259.7
       Dungeon | 100.0 | 100.0 |   N/A | 100.0 | 100.0 | 303.0
               +-------+-------+-------+-------+-------+----------------------
